 Dungeon Crawl Stone Soup version 0.19-a0-1922-g1e9a4c1 (webtiles) character file.

5863 sveltemanboy the Cleaver (level 10, -11/70 HPs)
             Began as a Demonspawn Gladiator on Oct 24, 2016.
             Was a Believer of Okawaru.
             Mangled by Sonja
             ... wielding a +1 dagger of distortion
              (19 damage)
             ... on level 10 of the Dungeon.
             The game lasted 00:18:39 (6850 turns).

sveltemanboy the Cleaver (Demonspawn Gladiator)     Turns: 6850, Time: 00:18:40

Health: -11/70     AC: 14    Str: 19    XL:     10   Next: 52%
Magic:  14/14      EV: 15    Int: 10    God:    Okawaru [**....]
Gold:   410        SH:  4    Dex: 18    Spells: 0 memorised, 9 levels left

rFire  . . .     SeeInvis .     H - +1 battleaxe
rCold  + . .     Gourm    .     p - +0 chain mail
rNeg   . . .     Faith    .     (shield currently unavailable)
rPois  .         Spirit   .     (helmet restricted)
rElec  .         Reflect  .     t - +0 cloak
rCorr  .         Harm     .     x - +0 pair of gloves
MR     +....                    s - +1 pair of boots
Stlth  ..........               (no amulet)
                                q - ring of protection from cold
                                l - ring of protection from magic

@: agile, about to teleport
A: horns 1, large bone plates 1, powered by death 3, spiny 2
a: Heroism, Renounce Religion


You were on level 10 of the Dungeon.
You worshipped Okawaru.
Okawaru was pleased with you.
You were not hungry.

You visited 2 branches of the dungeon, and saw 11 of its levels.

You collected 512 gold pieces.
You spent 102 gold pieces at shops.

Inventory:

Hand Weapons
 H - a +1 battleaxe (weapon)
Missiles
 d - 3 throwing nets
 n - 9 tomahawks (quivered)
 v - 5 steel javelins
Armour
 p - a +0 chain mail (worn)
 s - a +1 pair of boots (worn)
 t - a +0 cloak (worn)
 x - a +0 pair of gloves (worn)
Jewellery
 l - a ring of protection from magic (left hand)
 q - a ring of protection from cold (right hand)
 r - an uncursed ring of resist corrosion
Wands
 b - a wand of flame (30/48)
 c - a wand of flame (26/48)
 G - a wand of digging (24/24)
Scrolls
 e - 3 scrolls of identify
 h - a scroll of enchant armour
 i - 2 scrolls of recharging
 j - 3 scrolls of remove curse
 u - 4 scrolls of teleportation
 y - a scroll of magic mapping
 E - a scroll of blinking
Potions
 o - a potion of curing {unknown}
 z - 2 potions of berserk rage {unknown}
 B - 2 potions of ambrosia {unknown}
Books
 D - a book of Minor Magic

   Spells                             Type                      Level
   a - Magic Dart                     Conjuration                  1
   b - Blink                          Translocation                2
   c - Call Imp                       Summoning                    2
   d - Repel Missiles                 Charms/Air                   2
   e - Slow                           Hexes                        2
   f - Conjure Flame                  Conjuration/Fire             3
   g - Mephitic Cloud                 Conjuration/Poison/Air       3
Comestibles
 a - a beef jerky
 f - 9 bread rations
 g - 3 meat rations
 k - 27 fruits
 m - 2 slices of pizza
 w - a royal jelly
 C - 2 chunks of flesh


   Skills:
 - Level 3.1 Fighting
 * Level 11.9 Axes
 - Level 1.7 Throwing
 - Level 5.4 Armour
 - Level 5.0 Dodging
 + Level 5.5 Invocations


You had 9 spell levels left.
You didn't know any spells.

Dungeon Overview and Level Annotations

Branches:
Dungeon (10/15)            Temple (1/1) D:7            Lair (0/6) D:8
    Orc: D:9-12

Altars:
Ashenzari
Gozag
Okawaru
Ru
Trog
Vehumet
Xom

Shops:
D:4 !   D:8 *

Annotations:
D:10 Sonja


Innate Abilities, Weirdness & Mutations

You have a pair of small horns on your head.
You are partially covered in large bone plates. (SH +4)
You regenerate a lot of health from kills.
You are mostly covered in sharp spines.


Message History

You barely miss Sonja. You headbutt Sonja, but do no damage.
Sonja is lightly wounded.
Sonja barely misses you. x2; Sonja hits you but does no damage.
Space warps horribly around you! Sonja is struck by your spines.
Sonja hits you but does no damage. Space bends around you.
Sonja hits you but does no damage. Space bends around you. Sonja misses you.
You miss Sonja. Your headbutt misses Sonja.
Sonja is moderately wounded.
Sonja hits you but does no damage. Space bends around you.
Sonja closely misses you. Sonja completely misses you.
You closely miss Sonja.
Sonja is moderately wounded.
Sonja hits you but does no damage. Space warps horribly around you!
* * * LOW HITPOINT WARNING * * *
You block Sonja's attack. Sonja barely misses you.
Sonja hits you but does no damage.
You feel strangely unstable. Sonja hits you but does no damage.
Space bends around you.
* * * LOW HITPOINT WARNING * * *
Sonja hits you but does no damage. Space warps horribly around you!
You die...

###### #....# #.##.#
#.##.# ###
.#####(##.####.########
.......................#
#.#####..@K####.######.#
#..)..# ########.###
##...## #........ ##.##
#.##..##. #.# #........
#.# ####.#### #+# #.#
#.# ###.#


You could see Sonja.

Vanquished Creatures
  The ghost of Capuchin the Skirmisher, a novice MiFi of Okawaru (D:6)
  Pikel (D:5)
  Grinder (D:3)
  A troll (D:9)
  A hornet (D:8)
  A hippogriff (D:8)
  3 yaks (D:9)
  A steam dragon (D:9)
  Edmund (D:5)
  The ghost of wazuzu the Bolt Thrower, an amateur KoHu (D:3)
  An orc warrior (D:9)
  A black bear (D:7)
  3 sky beasts
  2 slaves (D:5)
  4 ice beasts
  4 ogres
  3 phantoms
  2 centaurs (D:7)
  A crocodile (D:8)
  A big kobold (D:8)
  A bullfrog (D:10)
  6 scorpions
  A water moccasin skeleton (D:5)
  5 wights (D:7)
  A howler monkey (D:6)
  3 jellies
  2 hounds
  6 orc wizards
  5 orc priests
  2 bullfrog skeletons
  2 iguanas
  4 worker ants
  3 hound skeletons
  A worker ant zombie (D:7)
  7 gnolls (D:8)
  10 adders
  2 shadow imps
  2 oozes
  A worm (D:4)
  4 dart slugs
  4 leopard geckos
  33 orcs
  7 giant cockroaches
  11 goblins
  7 hobgoblins
  10 jackals
  9 kobolds
  3 quokkas
  A ball python (D:3)
  4 bats
  A frilled lizard (D:1)
  7 rats
199 creatures vanquished.

Notes
Turn   | Place    | Note
-------+----------+-------------------------------------------
     0 | D:1      | sveltemanboy the Demonspawn Gladiator began the quest for the Orb.
     0 | D:1      | Reached XP level 1. HP: 16/16 MP: 1/1
   160 | D:1      | Reached skill level 3 in Axes
   165 | D:1      | Gained mutation: You regenerate a little health from kills. [demonic ancestry]
   165 | D:1      | Reached XP level 2. HP: 20/22 MP: 2/2
   317 | D:1      | Reached skill level 1 in Armour
   710 | D:1      | Gained mutation: You are partially covered in sharp spines. [demonic ancestry]
   710 | D:1      | Reached XP level 3. HP: 27/27 MP: 3/3
  1257 | D:2      | Gained mutation: You have a pair of small horns on your head. [demonic ancestry]
  1257 | D:2      | Reached XP level 4. HP: 33/33 MP: 4/4
  1305 | D:2      | Found a faded altar of an unknown god.
  1355 | D:2      | Found a shattered altar of Ashenzari.
  1375 | D:2      | Reached skill level 4 in Axes
  1520 | D:3      | Noticed wazuzu's ghost (amateur KoHu)
  1531 | D:3      | Killed wazuzu's ghost
  1531 | D:3      | Reached XP level 5. HP: 27/38 MP: 5/5
  1645 | D:3      | Noticed Grinder
  1684 | D:3      | Paralysed by Grinder for 4 turns
  1690 | D:3      | Killed Grinder
  1690 | D:3      | Reached skill level 5 in Axes
  1690 | D:3      | Gained mutation: You regenerate health from kills. [demonic ancestry]
  1690 | D:3      | Reached XP level 6. HP: 15/44 MP: 6/6
  2729 | D:4      | Found Buluicee's Distillery.
  2737 | D:4      | Bought a potion of degeneration for 12 gold pieces
  2737 | D:4      | Bought a potion of mutation for 30 gold pieces
  2737 | D:4      | Bought a potion of heal wounds for 60 gold pieces
  2738 | D:4      | Gained mutation: You are dopey. (Int -2) [potion of mutation]
  2738 | D:4      | Gained mutation: Armour fits poorly on your strangely shaped body. [potion of mutation]
  2738 | D:4      | Lost mutation: You are dopey. (Int -2) [potion of mutation]
  2739 | D:4      | Lost mutation: Armour fits poorly on your strangely shaped body. [potion of cure mutation]
  2895 | D:4      | Gained mutation: You regenerate a lot of health from kills. [demonic ancestry]
  2895 | D:4      | Reached XP level 7. HP: 47/50 MP: 7/7
  3025 | D:5      | Entered Level 5 of the Dungeon
  3025 | D:5      | Noticed Edmund
  3040 | D:5      | Killed Edmund
  3040 | D:5      | Reached skill level 6 in Axes
  3262 | D:5      | Noticed Pikel
  3294 | D:5      | Killed Pikel
  3294 | D:5      | Reached skill level 7 in Axes
  3294 | D:5      | Reached skill level 5 in Armour
  3294 | D:5      | Gained mutation: You are mostly covered in sharp spines. [demonic ancestry]
  3294 | D:5      | Reached XP level 8. HP: 26/56 MP: 8/8
  3458 | D:5      | Reached skill level 8 in Axes
  3524 | D:5      | Gained mutation: You have a pair of horns on your head. [potion of mutation]
  3524 | D:5      | Gained mutation: Your body sometimes deteriorates upon taking damage. [potion of mutation]
  3524 | D:5      | Gained mutation: You tend to lose your temper in combat. [potion of mutation]
  3768 | D:6      | Noticed Capuchin's ghost (novice MiFi)
  3786 | D:6      | Killed Capuchin's ghost
  3786 | D:6      | Reached skill level 9 in Axes
  4020 | D:6      | Reached XP level 9. HP: 61/61 MP: 9/9
  4246 | D:6      | Got a fine hand axe
  4247 | D:6      | Identified the cursed +3 hand axe of Uneu {flame, Int+4} (You found it on level 6 of the Dungeon)
  4409 | D:7      | Reached skill level 10 in Axes
  4479 | D:7      | Reached skill level 5 in Dodging
  4790 | D:7      | Found a staircase to the Ecumenical Temple.
  4801 | Temple   | Entered the Ecumenical Temple
  4810 | Temple   | Became a worshipper of Warmaster Okawaru
  4950 | D:8      | Found Idweuren's General Store.
  4974 | D:8      | Reached skill level 1 in Invocations
  5064 | D:8      | Found a staircase to the Lair.
  5145 | D:8      | Lost mutation: You tend to lose your temper in combat. [potion of cure mutation]
  5145 | D:8      | Lost mutation: You have a pair of horns on your head. [potion of cure mutation]
  5145 | D:8      | Lost mutation: Your body sometimes deteriorates upon taking damage. [potion of cure mutation]
  5150 | D:8      | Paralysed by a hornet for 2 turns
  5153 | D:8      | Reached skill level 11 in Axes
  5153 | D:8      | Gained mutation: You are partially covered in large bone plates. (SH +4) [demonic ancestry]
  5153 | D:8      | Reached XP level 10. HP: 31/70 MP: 11/11
  5166 | D:8      | Reached * piety under Okawaru
  6309 | D:9      | Reached ** piety under Okawaru
  6535 | D:9      | Reached skill level 5 in Invocations
  6741 | D:10     | Entered Level 10 of the Dungeon
  6783 | D:10     | Got a twisted dire flail
  6843 | D:10     | Noticed Sonja
  6850 | D:10     | Mangled by Sonja

Vault maps used:
D:1:      eino_arrival_cavern_d
D:2:      ecumenical_altar_1, evilmike_ruin_ashenzari
D:3:      saegor_snake_ambush, uniq_grinder
D:4:      serial_shops, shop
D:5:      first_bread, fountainhead, uniq_edmund, uniq_pikel
D:7:      serial_bayou_pond_e
D:8:      lair_0_dummy, serial_shops, shop_fountains, blue_anna_alchemist,
          grunt_ministairs_10
D:10:     minmay_orc_entry_temple_small, trove_entry_hex_spiral,
          kennysheep_flooded_box, hangedman_abyss_or_decor_passed, uniq_sonja
Temple:   nicolae_temple_the_god_donut

Skill      XL: |  1  2  3  4  5  6  7  8  9 10 |
---------------+-------------------------------+-----
Axes           | 3 4 5 7 9 11 | 11.9
Armour         | 1 2 3 5 |  5.4
Dodging        | 3 5 |  5.0
Fighting       | 3 |  3.1
Invocations    | 2 5 |  5.5
Throwing       | |  1.7

Action                   |  1- 3 |  4- 6 |  7- 9 | 10-12 || total
-------------------------+-------+-------+-------+-------++-------
Melee: War axe           |   127 |    80 |   121 |       ||   328
       Headbutt          |       |     7 |    33 |    18 ||    58
       Battleaxe         |       |       |    75 |   108 ||   183
       Hand axe          |       |       |    48 |       ||    48
Throw: Tomahawk          |       |       |     4 |       ||     4
  Use: Potion            |       |     4 |     3 |     2 ||     9
       Scroll            |       |       |    12 |     2 ||    14
 Stab: Sleeping          |       |     2 |       |       ||     2
  Eat: Chunk             |     1 |     6 |     7 |     6 ||    20
Armor: Leather armour    |    37 |     4 |       |       ||    41
       Chain mail        |       |    25 |   115 |    62 ||   202
Dodge: Dodged            |    79 |    25 |    70 |    53 ||   227
Block: Other             |       |       |       |    16 ||    16
